| TOP OF THE 1ST |
|
Chicago White Sox batting - Pitching for Kansas City Royals : LHP Colin Rodgers
|
|
Pitching: LHP Colin Rodgers
|
|
|
Batting: LHB Jace Peterson
|
0-0: Foul Ball, location: 25FF 0-1: Foul Ball, location: 2F 0-2: Ball 1-2: Foul Ball, location: 5FF 1-2: Ball 2-2: Ball 3-2: Strikes out swinging
|
|
Batting: RHB Glen Wilkins
|
0-0: Ground out 5-3 (Groundball, 5, EV 81.3 MPH)
|
|
Batting: RHB Yeltsin Gudino
|
0-0: Called Strike 0-1: Ball 1-1: Foul Ball, location: 2F 1-2: Ball 2-2: Ball 3-2: Foul Ball, location: 3FF 3-2: Ground out 1-3 (Groundball, 13, EV 75.6 MPH)
|
| Top of the 1st over - 0 runs, 0 hits, 0 errors, 0 left on base; Chicago 0 - Kansas City 0 |
| BOTTOM OF THE 1ST |
|
Kansas City Royals batting - Pitching for Chicago White Sox : RHP Rocky Thompson
|
|
Pitching: RHP Rocky Thompson
|
|
|
Batting: RHB Jesús Martínez
|
0-0: TRIPLE (Line Drive, 78XD, EV 91.3 MPH)
|
|
Batting: LHB Forrest Wall
|
0-0: Ball 1-0: Fly out, F6 (Popup, 6M, EV 60.6 MPH)
|
|
Batting: RHB Joe Washington
|
0-0: Fly out, F8 (Line Drive, 8RS, EV 95.6 MPH) Runner from 3rd tags up, SCORES, throw by CF
|
|
Batting: LHB Hervé Masson
|
0-0: Ball 1-0: Called Strike 1-1: Ball 2-1: Fly out, F8 (Line Drive, 8LM, EV 92.5 MPH)
|
| Bottom of the 1st over - 1 run, 1 hit, 0 errors, 0 left on base; Chicago 0 - Kansas City 1 |
| TOP OF THE 2ND |
|
Chicago White Sox batting - Pitching for Kansas City Royals : LHP Colin Rodgers
|
|
Batting: RHB Wendell Rijo
|
0-0: Ball 1-0: Ball 2-0: Fly out, F8 (Flyball, 78M, EV 89.4 MPH)
|
|
Batting: RHB Wes Stevens
|
0-0: Called Strike 0-1: Foul Ball, location: 2F 0-2: Ground out 5-3 (Groundball, 56, EV 82.5 MPH)
|
|
Batting: LHB Pepe Gómez
|
0-0: Called Strike 0-1: Foul Ball, location: 5FF 0-2: SINGLE (Groundball, 6D, EV 107.5 MPH)
|
|
Batting: LHB Raúl Ruíz
|
0-0: Called Strike 0-1: Ball 1-1: Swinging Strike 1-2: Foul Ball, location: 5FF 1-2: Foul Ball, location: 7LDF 1-2: Strikes out swinging
|
| Top of the 2nd over - 0 runs, 1 hit, 0 errors, 1 left on base; Chicago 0 - Kansas City 1 |
| BOTTOM OF THE 2ND |
|
Kansas City Royals batting - Pitching for Chicago White Sox : RHP Rocky Thompson
|
|
Batting: RHB Dave García
|
0-0: Ground out 4-3 (Groundball, 4, EV 67.5 MPH)
|
|
Batting: RHB Jorge Palmeiro
|
0-0: Ground out 6-3 (Groundball, 6, EV 97.5 MPH)
|
|
Batting: SHB Raul Mondesi
|
0-0: Called Strike 0-1: Foul Ball, location: 7LDF 0-2: Foul Ball, location: 2F 0-2: Ground out 4-3 (Groundball, 4, EV 101.9 MPH)
|
| Bottom of the 2nd over - 0 runs, 0 hits, 0 errors, 0 left on base; Chicago 0 - Kansas City 1 |
| TOP OF THE 3RD |
|
Chicago White Sox batting - Pitching for Kansas City Royals : LHP Colin Rodgers
|
|
Batting: SHB Luis Mejia
|
0-0: Ball 1-0: Called Strike 1-1: Ball 2-1: Foul Ball, location: 2F 2-2: Foul Ball, location: 3FF 2-2: Ball 3-2: Strikes out swinging
|
|
Batting: RHB Felix Mercedes
|
0-0: Called Strike 0-1: Foul Ball, location: 3DF 0-2: Ground out 1-3 (Groundball, 15, EV 66.3 MPH)
|
|
Batting: LHB Jace Peterson
|
0-0: Ball 1-0: Called Strike 1-1: Foul Ball, location: 2F 1-2: Ball 2-2: Ball 3-2: Fly out, F8 (Flyball, 8LM, EV 93.8 MPH)
|
| Top of the 3rd over - 0 runs, 0 hits, 0 errors, 0 left on base; Chicago 0 - Kansas City 1 |
| BOTTOM OF THE 3RD |
|
Kansas City Royals batting - Pitching for Chicago White Sox : RHP Rocky Thompson
|
|
Batting: RHB Wilfredo Rodriguez
|
0-0: Foul Ball, location: 2F 0-1: Ball 1-1: Called Strike 1-2: Foul Ball, location: 2F 1-2: Foul Ball, location: 2F 1-2: SINGLE (Line Drive, 5D, EV 93.8 MPH)
|
|
Batting: SHB Ismaldo Rodriguez
|
0-0: Sac Bunt to 25 - play at first, batter OUT! 5-3 Wilfredo Rodriguez to second
|
|
Batting: RHB Jesús Martínez
|
0-0: Swinging Strike 0-1: Ball 1-1: Ball 2-1: Ground out U3 (Groundball, 34, EV 99.4 MPH) Wilfredo Rodriguez to third
|
|
Batting: LHB Forrest Wall
|
0-0: Ball 1-0: Ball 2-0: Ball 3-0: Swinging Strike 3-1: Swinging Strike 3-2: Foul Ball, location: 7LDF 3-2: Strikes out swinging
|
| Bottom of the 3rd over - 0 runs, 1 hit, 0 errors, 1 left on base; Chicago 0 - Kansas City 1 |
| TOP OF THE 4TH |
|
Chicago White Sox batting - Pitching for Kansas City Royals : LHP Colin Rodgers
|
|
Batting: RHB Glen Wilkins
|
0-0: Ball 1-0: Called Strike 1-1: Ball 2-1: Called Strike 2-2: Foul Ball, location: 2F 2-2: Foul Ball, location: 2F 2-2: Ball 3-2: Fly out, F8 (Flyball, 8RM, EV 95.6 MPH)
|
|
Batting: RHB Yeltsin Gudino
|
0-0: SINGLE (Flyball, 9LS, EV 92.5 MPH)
|
|
Batting: RHB Wendell Rijo
|
0-0: Foul Ball, location: 25F 0-1: Fielders Choice at 2nd, 4-6 (Groundball, 34, EV 83.1 MPH)
|
|
Batting: RHB Wes Stevens
|
0-0: Swinging Strike 0-1: Foul Ball, location: 3F 0-2: Ball 1-2: Ball 2-2: Ball 3-2: Strikes out swinging
|
| Top of the 4th over - 0 runs, 1 hit, 0 errors, 1 left on base; Chicago 0 - Kansas City 1 |
| BOTTOM OF THE 4TH |
|
Kansas City Royals batting - Pitching for Chicago White Sox : RHP Rocky Thompson
|
|
Batting: RHB Joe Washington
|
0-0: Foul Ball, location: 7LDF 0-1: Ground out 4-3 (Groundball, 4S, EV 83.8 MPH)
|
|
Batting: LHB Hervé Masson
|
0-0: Ball 1-0: Called Strike 1-1: Ball 2-1: Ball 3-1: Ground out 4-3 (Groundball, 4, EV 89.4 MPH)
|
|
Batting: RHB Dave García
|
0-0: Ball 1-0: Ground out 4-3 (Groundball, 4S, EV 83.1 MPH)
|
| Bottom of the 4th over - 0 runs, 0 hits, 0 errors, 0 left on base; Chicago 0 - Kansas City 1 |
| TOP OF THE 5TH |
|
Chicago White Sox batting - Pitching for Kansas City Royals : LHP Colin Rodgers
|
|
Batting: LHB Pepe Gómez
|
0-0: Ball 1-0: Called Strike 1-1: Foul Ball, location: 2F 1-2: Foul Ball, location: 23FF 1-2: Ground out 5-3 (Groundball, 5, EV 103.8 MPH)
|
|
Batting: LHB Raúl Ruíz
|
0-0: Foul Ball, location: 5FF 0-1: Ball 1-1: Foul Ball, location: 7LDF 1-2: Strikes out swinging
|
|
Batting: SHB Luis Mejia
|
0-0: Ground out U3 (Groundball, 34S, EV 80.0 MPH)
|
| Top of the 5th over - 0 runs, 0 hits, 0 errors, 0 left on base; Chicago 0 - Kansas City 1 |
| BOTTOM OF THE 5TH |
|
Kansas City Royals batting - Pitching for Chicago White Sox : RHP Rocky Thompson
|
|
Batting: RHB Jorge Palmeiro
|
0-0: Fly out, F9 (Flyball, 9, EV 95.6 MPH)
|
|
Batting: SHB Raul Mondesi
|
0-0: Ball 1-0: Ground out 1-3 (Groundball, 15, EV 70.6 MPH)
|
|
Batting: RHB Wilfredo Rodriguez
|
0-0: Ball 1-0: Ground out 5-3 (Groundball, 56S, EV 70.6 MPH)
|
| Bottom of the 5th over - 0 runs, 0 hits, 0 errors, 0 left on base; Chicago 0 - Kansas City 1 |
| TOP OF THE 6TH |
|
Chicago White Sox batting - Pitching for Kansas City Royals : LHP Colin Rodgers
|
|
Batting: RHB Felix Mercedes
|
0-0: Ball 1-0: Ball 2-0: Fly out, F8 (Flyball, 8RXD, EV 106.9 MPH)
|
|
Batting: LHB Jace Peterson
|
0-0: Called Strike 0-1: Ground out 6-3 (Groundball, 6, EV 99.4 MPH)
|
|
Batting: RHB Glen Wilkins
|
0-0: Called Strike 0-1: SINGLE (Line Drive, 8RS, EV 95.6 MPH)
|
|
Batting: RHB Yeltsin Gudino
|
0-0: Ball 1-0: Ball 2-0: Ground out 4-3 (Groundball, 4, EV 77.5 MPH)
|
| Top of the 6th over - 0 runs, 1 hit, 0 errors, 1 left on base; Chicago 0 - Kansas City 1 |
| BOTTOM OF THE 6TH |
|
Kansas City Royals batting - Pitching for Chicago White Sox : RHP Rocky Thompson
|
|
Batting: SHB Ismaldo Rodriguez
|
0-0: Called Strike 0-1: Ball 1-1: Ball 2-1: Ball 3-1: Fly out, F8 (Line Drive, 8LM, EV 93.1 MPH)
|
|
Batting: RHB Jesús Martínez
|
0-0: Foul Ball, location: 25F 0-1: Fly out, F8 (Line Drive, 8RS, EV 93.8 MPH)
|
|
Batting: LHB Forrest Wall
|
0-0: DOUBLE (Flyball, 78D, EV 111.3 MPH)
|
|
Batting: RHB Joe Washington
|
0-0: Ground out 6-3 (Groundball, 6, EV 103.1 MPH)
|
| Bottom of the 6th over - 0 runs, 1 hit, 0 errors, 1 left on base; Chicago 0 - Kansas City 1 |
| TOP OF THE 7TH |
|
Chicago White Sox batting - Pitching for Kansas City Royals : LHP Colin Rodgers
|
|
Batting: RHB Wendell Rijo
|
0-0: Ball 1-0: Called Strike 1-1: Ball 2-1: Swinging Strike 2-2: Strikes out swinging
|
|
Batting: RHB Wes Stevens
|
0-0: Swinging Strike 0-1: Called Strike 0-2: Ball 1-2: Ground out 5-3 (Groundball, 56, EV 86.9 MPH)
|
|
Pinch Hitting: LHB António García
|
0-0: Ball 1-0: Ground out 4-3 (Groundball, 4D, EV 102.5 MPH)
|
| Top of the 7th over - 0 runs, 0 hits, 0 errors, 0 left on base; Chicago 0 - Kansas City 1 |
| BOTTOM OF THE 7TH |
|
Kansas City Royals batting - Pitching for Chicago White Sox : RHP Rocky Thompson
|
|
Now in CF: Glen Wilkins
|
|
|
Now in RF: António García
|
|
|
Batting: LHB Hervé Masson
|
0-0: Called Strike 0-1: Foul Ball, location: 3F 0-2: Ball 1-2: Fly out, F9 (Line Drive, 9, EV 95.6 MPH)
|
|
Batting: RHB Dave García
|
0-0: Called Strike 0-1: Ball 1-1: Foul Ball, location: 5F 1-2: Strikes out looking
|
|
Batting: RHB Jorge Palmeiro
|
0-0: Swinging Strike 0-1: Ball 1-1: Swinging Strike 1-2: Foul Ball, location: 2LF 1-2: Foul Ball, location: 2F 1-2: Ball 2-2: Foul Ball, location: 2F 2-2: Ball 3-2: Foul Ball, location: 5DF 3-2: Foul Ball, location: 2F 3-2: Foul Ball, location: 7LSF 3-2: Foul Ball, location: 9LSF 3-2: Base on Balls
|
|
Batting: SHB Raul Mondesi
|
0-0: Called Strike 0-1: Swinging Strike 0-2: Ball 1-2: Foul Ball, location: 23F 1-2: Ball Jorge Palmeiro steals 2nd base 2-2: Strikes out swinging
|
| Bottom of the 7th over - 0 runs, 0 hits, 0 errors, 1 left on base; Chicago 0 - Kansas City 1 |
| TOP OF THE 8TH |
|
Chicago White Sox batting - Pitching for Kansas City Royals : LHP Colin Rodgers
|
|
Now at 1B: Forrest Wall
|
|
|
Now at 3B: Josh Sargent
|
|
|
Batting: LHB Raúl Ruíz
|
0-0: Called Strike 0-1: Foul Ball, location: 7LMF 0-2: Ground out U3 (Groundball, 3, EV 110.0 MPH)
|
|
Batting: SHB Luis Mejia
|
0-0: SINGLE (Groundball, 34D, EV 99.4 MPH)
|
|
Pitching: RHP Gabriel Llanes
|
|
|
Batting: LHB Ji-man Choi
|
0-0: Ball 1-0: SINGLE (Groundball, 4MD, EV 101.9 MPH) Luis Mejia to second
|
|
Batting: LHB Jace Peterson
|
0-0: Called Strike 0-1: Foul Ball, location: 2F 0-2: Ball 1-2: SINGLE (Line Drive, 78S, EV 105.0 MPH) Luis Mejia to third Ji-man Choi to second Runner from 3rd tries for Home, SAFE, throw by CF to home Ji-man Choi to third Jace Peterson to second
|
|
Batting: RHB Glen Wilkins
|
0-0: Fly out, F7 (Flyball, 7LM, EV 77.5 MPH) Runner from 3rd tags up, OUT at HOME! 7-2
|
| Top of the 8th over - 1 run, 3 hits, 0 errors, 1 left on base; Chicago 1 - Kansas City 1 |
| BOTTOM OF THE 8TH |
|
Kansas City Royals batting - Pitching for Chicago White Sox : RHP Rocky Thompson
|
|
Batting: RHB Wilfredo Rodriguez
|
0-0: Ball 1-0: Swinging Strike 1-1: Foul Ball, location: 2F 1-2: Ball 2-2: Strikes out swinging
|
|
Batting: SHB Ismaldo Rodriguez
|
0-0: Called Strike 0-1: Foul Ball, location: 3FF 0-2: Ball 1-2: Foul Ball, location: 7LSF 1-2: Ball 2-2: Ground out 6-3 (Groundball, 6, EV 90.0 MPH)
|
|
Batting: RHB Jesús Martínez
|
0-0: Ball 1-0: Called Strike 1-1: Ball 2-1: Foul Ball, location: 2RF 2-2: Ground out 6-3 (Groundball, 6, EV 83.1 MPH)
|
| Bottom of the 8th over - 0 runs, 0 hits, 0 errors, 0 left on base; Chicago 1 - Kansas City 1 |
| TOP OF THE 9TH |
|
Chicago White Sox batting - Pitching for Kansas City Royals : RHP Gabriel Llanes
|
|
Batting: RHB Yeltsin Gudino
|
0-0: Called Strike 0-1: Called Strike 0-2: Ball 1-2: Foul Ball, location: 25FF 1-2: Strikes out swinging
|
|
Pinch Hitting: SHB Mike Hurt
|
0-0: Ball 1-0: Ball 2-0: Called Strike 2-1: Ground out 3-1 (Groundball, 34, EV 86.9 MPH)
|
|
Batting: RHB Wes Stevens
|
0-0: SINGLE (Line Drive, 89S, EV 98.8 MPH)
|
|
Batting: LHB António García
|
0-0: Ball 1-0: Fly out, F6 (Popup, P, EV 76.3 MPH)
|
| Top of the 9th over - 0 runs, 1 hit, 0 errors, 1 left on base; Chicago 1 - Kansas City 1 |
| BOTTOM OF THE 9TH |
|
Kansas City Royals batting - Pitching for Chicago White Sox : RHP Rocky Thompson
|
|
Pitching: RHP Steve Peters
|
|
|
Now at 1B: Mike Hurt
|
|
|
Batting: LHB Forrest Wall
|
0-0: Called Strike 0-1: Ball 1-1: Ground out 4-3 (Groundball, 4, EV 78.1 MPH)
|
|
Pinch Hitting: SHB Edgardo Medina
|
0-0: Called Strike 0-1: Called Strike 0-2: Strikes out looking
|
|
Batting: LHB Hervé Masson
|
0-0: Swinging Strike 0-1: Ball 1-1: Foul Ball, location: 23F 1-2: Ball 2-2: Strikes out looking
|
| Bottom of the 9th over - 0 runs, 0 hits, 0 errors, 0 left on base; Chicago 1 - Kansas City 1 |
| TOP OF THE 10TH |
|
Chicago White Sox batting - Pitching for Kansas City Royals : RHP Gabriel Llanes
|
|
António García starts the inning at 2nd base.
|
|
|
Now at 1B: Edgardo Medina
|
|
|
Now at 3B: Forrest Wall
|
|
|
Batting: LHB Raúl Ruíz
|
0-0: Intentional Walk
|
|
Pitching: RHP Ken Giles
|
|
|
Batting: SHB Luis Mejia
|
0-0: Grounds into double play, 1-6-3 (Groundball, 13, EV 68.1 MPH) António García to third
|
|
Batting: LHB Ji-man Choi
|
0-0: Intentional Walk
|
|
Batting: LHB Jace Peterson
|
0-0: Ball 1-0: Swinging Strike 1-1: Foul Ball, location: 2F 1-2: Strikes out looking
|
| Top of the 10th over - 0 runs, 0 hits, 0 errors, 2 left on base; Chicago 1 - Kansas City 1 |
| BOTTOM OF THE 10TH |
|
Kansas City Royals batting - Pitching for Chicago White Sox : RHP Steve Peters
|
|
Hervé Masson starts the inning at 2nd base.
|
|
|
Batting: RHB Dave García
|
0-0: SINGLE (Flyball, 7S, EV 96.3 MPH) Hervé Masson to third
|
|
Batting: RHB Jorge Palmeiro
|
0-0: Called Strike 0-1: Called Strike Dave García steals 2nd base (no throw) 0-2: Ball 1-2: Foul Ball, location: 7LMF 1-2: Fly out, F6 (Line Drive, 6D, EV 66.9 MPH)
|
|
Batting: SHB Raul Mondesi
|
0-0: Called Strike 0-1: Ball 1-1: SINGLE (Line Drive, 9S, EV 101.3 MPH) Hervé Masson scores
|
| Bottom of the 10th over - 1 run, 2 hits, 0 errors, 2 left on base; Chicago 1 - Kansas City 2 |
|